Construct Infanterie Kompanie
Construct Luftwaffe Kompanie
Luftwaffe Officer Quarters
Flak 30 Anti-aircraft Gun Team
Marder III M Tank Destroyer
Marder III M Tank Destroyer
Selects Mechanized Battlegroup
Selects 8 Rad Armored Car
Construct Panzergrenadier Kompanie
Nebelwerfer 42 Rocket Launcher Team
Pak 40 Anti-tank Gun Team
Nebelwerfer 42 Rocket Launcher Team
Panzergrenadier Officer Quarters
Selects Panther Heavy Tank
Selects Mobile Repair Stations